Map: Abyssal Reef LE

Players

TRUE

  • Race: Zerg Zerg
  • Spawn Location: 11:00

Optimus - Winner!

  • Race: Terran Terran
  • Spawn Location: 5:00

Event: WCS Valencia 2017

VOD

Have the link to the VOD?

Description

Time

  • Played on: July 13, 2017, 12:22 p.m.
  • Length: 14:46

All games in this series

Show
View Real Time Build Order
Export as new Build Order

TRUE Zerg 

Build Orders: Pool First 

Get SALT Encoding   

  12  0:00  Drone  
  13  0:12  Overlord  
  13  0:17  Drone  
  14  0:30  Drone  
  14  0:31  Drone  
  14  0:34  Drone  
  17  0:44  Spawning Pool  
  17  0:46  Extractor  
  17  0:49  Drone  
  16  0:56  Drone  
  17  1:15  Hatchery  
  16  1:29  Drone  
  16  1:30  Queen  
  19  1:34  Zergling x2  
  20  1:48  Roach Warren  
  20  1:50  Drone  
  20  1:55  Drone  
  20  1:59  Drone  
  22  2:06  Overlord  
  26  2:30  Roach x3  
  26  2:34  Roach  
  30  2:40  Roach x2  
  33  2:45  Overlord  
  33  2:59  Drone x3  
  33  3:01  Overlord  
  33  3:05  Ravager  
  37  3:08  Drone  
  37  3:10  Drone  
  39  3:20  Drone  
  39  3:21  Drone x2  
  39  3:23  Drone  
  39  3:26  Ravager  
  44  3:29  Drone  
  44  3:30  Drone  
  44  3:32  Ravager  
  47  3:34  Drone  
  47  3:37  Drone  
  49  3:45  Queen  
  49  3:47  Overlord  
  51  3:56  Overlord  
  51  3:58  Ravager  
  52  4:06  Drone  
  52  4:08  Drone x3  
  56  4:11  Drone  
  56  4:14  Queen  
  59  4:17  Overlord  
  59  4:21  Drone x4  
  63  4:29  Extractor  
  63  4:30  Evolution Chamber  
  61  4:35  Roach x2  
  65  4:44  Drone x2  
  67  4:53  Drone x2  
  67  4:55  Lair  
  67  4:58  Drone x2, Overlord  
  71  5:03  Extractor  
  71  5:04  Extractor  
  71  5:06  Overlord  
  69  5:08  Drone  
  70  5:19  Evolution Chamber, Overlord  
  70  5:21  Drone  
  70  5:27  Drone x2  
  72  5:29  Hatchery  
  72  5:30  Drone x2  
  72  5:34  Zerg Ground Armor Level 1, Drone x2  
  75  5:38  Overlord  
  75  5:46  Zerg Melee Weapons Level 1  
  75  5:47  Overlord  
  75  5:54  Hatchery  
  75  5:58  Overseer  
  75  6:02  Metabolic Boost  
  75  6:05  Infestation Pit  
  75  6:09  Zergling x2  
  75  6:10  Zergling x16  
  83  6:13  Queen  
  83  6:14  Overlord  
  85  6:21  Zergling x2  
  85  6:24  Zergling x2  
  80  6:33  Ravager x4  
  80  6:34  Drone x6  
  80  6:38  Drone x2  
  92  6:50  Zergling x4  
  92  6:51  Infestation Pit  
  93  6:54  Queen  
  93  6:59  Zergling x2  
  93  7:00  Zergling x2  
  97  7:06  Overlord  
  95  7:09  Zergling x4  
  95  7:11  Overlord x2  
  97  7:16  Zergling x2  
  97  7:17  Zergling x2  
  99  7:23  Drone x3  
  99  7:25  Spore Crawler  
  101  7:33  Infestor x3  
  106  7:40  Zerg Ground Armor Level 2  
  106  7:42  Drone x6  
  112  7:47  Drone x2  
  112  7:48  Drone x4  
  118  7:55  Overlord  
  118  7:58  Zerg Melee Weapons Level 2  
  118  8:02  Zergling x6  
  118  8:03  Spore Crawler  
  118  8:04  Zergling x4  
  115  8:10  Infestor  
  117  8:19  Drone x2  
  119  8:20  Drone x2  
  121  8:28  Hive  
  121  8:29  Drone x8  
  121  8:32  Extractor x2  
  127  8:41  Hatchery  
  127  8:43  Zergling x2  
  127  8:44  Zergling x8  
  127  8:45  Zergling x2  
  127  8:53  Zergling x14  
  126  8:56  Zergling x2  
  126  8:57  Zergling x2  
  126  9:02  Infestor  
  130  9:05  Infestor  
  131  9:10  Infestor  
  131  9:14  Zergling x2  
  131  9:15  Zergling x8  
  136  9:17  Zergling x2  
  136  9:19  Zergling x2  
  136  9:21  Overlord  
  136  9:22  Baneling Nest, Overlord  
  137  9:24  Zergling x2  
  137  9:28  Overlord  
  136  9:37  Infestor  
  136  9:38  Overlord x2  
  137  9:42  Drone  
  137  9:43  Adrenal Glands  
  137  9:44  Zergling x2  
  137  9:45  Zergling x4  
  141  9:46  Hatchery  
  141  9:51  Zergling x2  
  141  9:52  Zergling x12  
  147  9:57  Zerg Ground Armor Level 3  
  147  9:59  Zergling x4  
  145  10:06  Zergling x2  
  140  10:10  Zergling x4  
  142  10:17  Baneling x7  
  142  10:18  Centrifical Hooks  
  142  10:20  Zergling x6  
  145  10:21  Zergling x4  
  145  10:25  Zergling x8  
  145  10:26  Zergling x2  
  141  10:29  Zergling x2  
  141  10:30  Zergling x4  
  141  10:33  Zergling x2  
  141  10:34  Zergling x2  
  127  10:41  Zergling x2  
  120  10:43  Zergling x2  
  120  10:45  Baneling  
  120  10:46  Baneling x8  
  120  10:48  Zergling x2  
  112  10:53  Zergling x2  
  112  10:54  Zergling x2  
  113  11:00  Zergling x4  
  109  11:04  Zergling x2  
  109  11:09  Baneling x3  
  92  11:21  Zergling x2  
  77  11:29  Zergling x2  
  77  11:30  Zergling x2  
  77  11:31  Zergling x4  
  75  11:37  Baneling  
  63  11:50  Zergling x2  
  63  11:51  Zergling x2  
  63  11:52  Zergling x4  
  63  11:53  Zergling x2  
  37  12:04  Zergling x2  
  34  12:16  Zergling x2  
  35  12:27  Zergling x2  
  36  12:35  Zergling x2  
  37  12:46  Zergling x2  
  34  13:02  Zergling x2  
  32  13:09  Zergling x2  
  31  13:34  Hatchery  
Show
View Real Time Build Order
Export as new Build Order

Optimus Terran - Winner!

Build Orders: MMM Bio 

Get SALT Encoding   

  12  0:00  SCV  
  13  0:12  SCV  
  14  0:19  Supply Depot  
  14  0:24  SCV  
  15  0:41  SCV  
  16  0:44  Barracks  
  16  0:45  Refinery  
  16  0:53  SCV  
  17  1:00  Barracks  
  17  1:05  SCV  
  18  1:17  SCV  
  19  1:31  Orbital Command, Reaper  
  20  1:37  Barracks  
  20  1:42  Refinery  
  20  1:47  Reaper  
  21  1:55  Supply Depot  
  21  1:58  SCV  
  22  2:04  Reaper  
  23  2:16  SCV  
  23  2:18  Supply Depot  
  23  2:19  Reaper  
  25  2:25  Reaper  
  25  2:28  SCV  
  27  2:36  Reaper  
  28  2:41  SCV  
  29  2:51  Reaper  
  30  2:59  Reaper  
  30  3:00  Command Center  
  30  3:02  SCV  
  32  3:10  Reaper  
  33  3:13  Supply Depot  
  33  3:15  SCV  
  33  3:32  Barracks Tech Lab  
  33  3:33  Factory  
  33  3:35  SCV  
  33  3:41  Marine  
  34  3:42  Marine  
  34  3:47  SCV  
  37  3:51  Stimpack, Marine  
  38  3:59  Marine, SCV  
  38  4:00  Marine  
  41  4:06  Refinery  
  41  4:08  Marine  
  42  4:12  SCV  
  42  4:13  Orbital Command  
  42  4:17  Marine x2  
  45  4:24  SCV  
  45  4:26  Marine  
  45  4:28  Starport  
  45  4:30  Factory Reactor  
  47  4:36  SCV  
  48  4:39  SCV  
  48  4:41  Barracks Reactor  
  48  4:42  Barracks Reactor  
  48  4:44  Marine  
  50  4:48  SCV  
  51  4:53  SCV  
  52  5:01  SCV  
  52  5:02  Marine  
  52  5:05  SCV  
  52  5:06  Supply Depot  
  55  5:13  SCV  
  55  5:14  Medivac  
  55  5:15  Medivac  
  55  5:17  SCV  
  55  5:18  Marine x2  
  62  5:21  Supply Depot  
  62  5:26  Marine  
  62  5:27  Marine  
  62  5:28  SCV  
  65  5:29  SCV  
  65  5:32  Supply Depot  
  65  5:33  Factory Tech Lab  
  66  5:36  Marine x2  
  66  5:40  SCV  
  68  5:45  Command Center  
  68  5:47  SCV  
  68  5:48  Marine  
  70  5:52  SCV, Marine x2  
  70  5:55  Siege Tank  
  75  5:58  Combat Shields  
  75  6:00  Marine  
  76  6:04  SCV x2  
  76  6:09  Marine  
  79  6:12  Supply Depot  
  79  6:17  SCV  
  79  6:18  Engineering Bay x2  
  78  6:32  Marine x3  
  77  6:33  Siege Tank  
  77  6:38  SCV, Barracks x2  
  82  6:40  Supply Depot  
  82  6:43  Refinery  
  82  6:47  Medivac x2  
  82  6:49  SCV, Marine  
  82  6:53  Terran Infantry Weapons Level 1  
  88  6:56  Terran Infantry Armor Level 1  
  88  6:58  Orbital Command  
  88  7:03  Marine  
  88  7:04  Marine  
  88  7:07  Siege Tank  
  88  7:08  SCV x2  
  95  7:12  Marine  
  96  7:21  Marine x3  
  100  7:22  SCV  
  100  7:23  SCV, Armory  
  100  7:26  Barracks Tech Lab x2  
  101  7:30  Orbital Command  
  101  7:31  Supply Depot  
  100  7:38  Marine  
  100  7:39  Siege Tank, Marine  
  100  7:42  Medivac  
  108  7:45  Marauder  
  108  7:47  Marauder  
  108  7:48  SCV x2  
  108  7:50  Marine  
  113  7:53  Concussive Shells  
  113  7:56  Marauder  
  115  8:07  Marauder, Marine x3  
  115  8:09  Supply Depot  
  115  8:10  SCV  
  115  8:11  SCV  
  123  8:13  Marine  
  123  8:14  Marine  
  125  8:25  Barracks  
  125  8:26  Barracks  
  125  8:27  Barracks  
  125  8:29  Supply Depot  
  125  8:33  Marauder x2  
  128  8:34  Marauder  
  128  8:35  Marine x3  
  133  8:47  SCV  
  127  8:57  Marauder x3, Marine  
  127  8:58  Marine  
  127  9:00  Medivac  
  127  9:01  Medivac  
  139  9:04  Marine  
  139  9:05  Marine  
  139  9:07  Supply Depot x2  
  135  9:17  Barracks Tech Lab  
  135  9:18  Barracks Tech Lab x2, Marine x2  
  135  9:20  Siege Tank  
  140  9:26  SCV, Supply Depot  
  140  9:28  Marine, SCV x2  
  140  9:29  Marauder, Marine x2  
  140  9:30  Marauder  
  150  9:31  Command Center  
  150  9:38  SCV  
  150  9:40  Marauder x2, Marine  
  150  9:41  SCV  
  150  9:42  SCV  
  150  9:44  Marine x2  
  156  9:47  Marine, Refinery  
  156  9:48  Marine  
  156  9:50  SCV  
  152  10:00  Medivac x2  
  152  10:03  Marauder x2, Marine x4  
  160  10:09  Siege Tank  
  160  10:11  Marauder  
  164  10:15  Supply Depot  
  164  10:19  Marine  
  165  10:23  Marine  
  165  10:24  Marine  
  165  10:27  Supply Depot  
  157  10:31  Marine x2  
  157  10:32  Marine  
  157  10:33  Marauder  
  142  10:36  Marine  
  130  10:46  Planetary Fortress  
  108  11:09  Barracks  
  108  11:10  Barracks  
  103  11:11  Barracks  
  102  11:21  Supply Depot  
  102  11:22  Supply Depot x2  
  102  11:23  Supply Depot  
  87  11:50  Supply Depot  
  87  11:51  Supply Depot  
  79  11:56  Command Center x2  
  63  12:09  Refinery  
  63  12:10  Refinery  
  63  12:11  Barracks  
  63  12:12  Factory  
  63  12:13  SCV  
  63  12:14  Marine  
  63  12:15  Marine x3  
  55  12:25  SCV  
  56  12:32  Marine x2  
  56  12:33  Marine x2  
  60  12:39  SCV  
  59  12:50  Marine x2  
  57  12:51  Marine x2  
  57  12:52  SCV  
  60  13:01  Barracks  
  60  13:04  SCV  
  59  13:08  Marine x2  
  59  13:09  Marine x2  
  63  13:19  SCV, Command Center  
  63  13:21  Engineering Bay  
  63  13:25  Engineering Bay  
  63  13:31  Supply Depot  
  63  13:33  Supply Depot  
  63  13:45  Armory  
  63  13:47  Marine, Widow Mine  
  63  13:52  Marine x3  
  63  13:53  SCV  
  67  13:59  Marine  
  68  14:05  Marine  
  69  14:10  Marine x3  
  69  14:16  Widow Mine  
  69  14:17  Marine  
  74  14:23  Marine  
  76  14:27  Supply Depot  
  76  14:28  Marine  
  79  14:32  Supply Depot  
Tags
 
Add a new tag
Caveats
  • Supply blocks, unpowered buildings, or Contaminate may cause inaccurate times.
  • Supply counts are checked every 10 seconds.